 Dungeon Crawl Stone Soup version 0.31-a0-986-g5e6e4ef867 (webtiles) character file.

Game seed: 4536059954996641544

26427 FakeRyeBread the Basher (level 13, -9/84 HPs)
             Began as a Gargoyle Fighter on Nov 7, 2023.
             Was a High Priest of Okawaru.
             Mangled by a cane toad (15 damage)
             ... on level 2 of the Lair of Beasts.
             The game lasted 00:41:38 (17147 turns).

FakeRyeBread the Basher (Gargoyle Fighter)         Turns: 17147, Time: 00:41:39

Health: -9/84      AC: 29    Str: 24    XL:     13   Next: 25%
Magic:  0/16       EV:  7    Int: 10    God:    Okawaru [*****.]
Gold:   881        SH:  6    Dex:  9    Spells: 12/12 levels left

rFire   . . .        u - +0 demon whip (venom)
rCold   . . .        c - +0 buckler
rNeg    + . .        r - +0 plate armour
rPois   ∞            n - +2 helmet
rElec   +            o - +0 cloak
rCorr   .            (no gloves)
SInv    .            (no boots)
Will    .....        x - amulet of guardian spirit Stlth
                     (no ring)
HPRegen 0.34/turn    (no ring)
MPRegen 0.15/turn

%: guardian spirit
@: no status effects
A: sickness immunity, AC +9, negative energy resistance 1, electricity
resistance, torment resistance 1, petrification resistance
a: Renounce Religion, Heroism, Finesse, Duel


You were on level 2 of the Lair of Beasts.
You worshipped Okawaru.
Okawaru was extremely pleased with you.
You visited 3 branches of the dungeon, and saw 17 of its levels.

You collected 881 gold pieces.

Inventory:

Hand Weapons
 t - a +0 morningstar
 u - a +0 demon whip of venom (weapon)
Missiles
 m - 5 boomerangs (quivered)
 B - 7 silver javelins
Armour
 c - a +0 buckler (worn)
 n - a +2 helmet (worn)
 o - a +0 cloak (worn)
 r - a +0 plate armour (worn)
Jewellery
 p - a ring of fire
 s - a ring of wizardry
 x - an amulet of guardian spirit (around neck)
Wands
 g - a wand of paralysis (20)
 k - a wand of flame (13)
 v - a wand of iceblast (10)
 y - a wand of polymorph (1)
Scrolls
 a - a scroll of poison
 f - 2 scrolls of vulnerability
 h - 7 scrolls of teleportation
 i - 5 scrolls of fear
 j - 3 scrolls of revelation
 C - 2 scrolls of identify
Potions
 d - 2 potions of might
 e - a potion of magic {unknown}
 l - 2 potions of enlightenment
 q - a potion of haste {unknown}
 w - a potion of mutation
 z - a potion of degeneration {unknown}
 A - 2 potions of brilliance {unknown}
 D - a potion of berserk rage {unknown}


   Skills:
 + Level 11.0 Fighting
 * Level 13.6 Maces & Flails
 + Level 4.4 Throwing
 + Level 10.9 Armour
 + Level 10.8 Shields
 - Level 5.0 Invocations


You had 12 spell levels left.
You didn't know any spells.
Your spell library contained the following spells:

 Spells                   Type           Power      Damage    Failure   Level
 Necrotise                Necr           0%         1d4       99%         1
 Wereblood                Tmut           0%         N/A       100%        2
 Dazzling Flash           Conj/Hex       0%         N/A       100%        3
 Hailstorm                Conj/Ice       0%         3d3       100%        3
 Ozocubu's Armour         Ice            0%         N/A       100%        3
 Anguish                  Hex/Necr       0%         N/A       100%        4
 Agony                    Necr           0%         N/A       100%        5
 Borgnjor's Vile Clutch   Necr/Erth      0%         N/A       100%        5
 Irradiate                Conj/Tmut      0%         3d11      100%        5
 Silence                  Hex/Air        0%         N/A       100%        5
 Ozocubu's Refrigeration  Ice            0%         4d7       100%        7
 Death Channel            Necr           Unusable   N/A       N/A         6

Dungeon Overview and Level Annotations

Branches:
Dungeon (14/15)            Temple (1/1) D:4            Lair (2/5) D:11
    Orc (0/2) D:11
  Swamp: Lair:2-3    Shoals: Lair:2-3     Snake: Lair:2-3    Spider: Lair:2-3
 Vaults: D:13-14

Altars:
Ashenzari
Cheibriados
Dithmenos
Elyvilon
Fedhas
Gozag
Hepliaklqana
Kikubaaqudgha
Makhleb
Nemelex Xobeh
Okawaru
Qazlal
Ru
Sif Muna
Trog
Uskayaw
Vehumet
Wu Jian
Xom
Yredelemnul
Zin
The Shining One

Annotations:
D:4 2 transporters
Lair:2 exclusion: oklob plant


Innate Abilities, Weirdness & Mutations

You are immune to sickness and miasma.
Your stone body is resilient. (AC +9)
You are immune to poison.
You resist negative energy. (rN+)
You are resistant to electric shocks. (rElec)
You are resistant to unholy torment.
You are immune to petrification.


Message History

You kill the eight-headed hydra!
Okawaru is honoured by your kill. Okawaru grants you throwing weapons!
Something appears at your feet!
You closely miss the cane toad. You barely miss the cane toad.
The cane toad barely misses you.
You hit the cane toad.
The cane toad is lightly wounded.
The cane toad stings you!
* * * LOW HITPOINT WARNING * * *
You barely miss the cane toad.
The cane toad is lightly wounded.
You barely miss the cane toad.
The cane toad is lightly wounded.
The cane toad stings you but does no damage.
Okay, then.
You feel better. You block the cane toad's attack.
You thrash the cane toad!!
The cane toad is heavily wounded.
The cane toad barely misses you.
You hit the cane toad.
The cane toad is heavily wounded.
You closely miss the cane toad.
The cane toad is heavily wounded.
The cane toad stings you!
* * * LOW HITPOINT WARNING * * *
You barely miss the cane toad.
The cane toad is heavily wounded.
The cane toad stings you!
* * * LOW HITPOINT WARNING * * *
Okay, then.
Okay, then.
Okay, then.
As you read the scroll of fear, it crumbles to dust.
You assume a fearsome visage.
The cane toad looks frightened!
The cane toad stings you but does no damage.
The cane toad attacks as it pursues you!
You block the cane toad's attack.
You barely miss the cane toad. The cane toad stings you!
You die...

#......................
.......................
....>[.....###.##......
........†####.#......#.
.PPP....#(............#
..##...P............... ...
+.................#... ...
#...........##.....#.
....##...##...F@.......#.
#..#......####..###.....# ..
###.#.#.....###..###.....## ..#
........................#.##...
...............................
..<...<..........(.............
.............^.................
........^....^...^.............
#..##...^....^.................


You could see a cane toad.

Vanquished Creatures
  Gastronok (D:9)
  Snorg (D:12)
  2 hydras
  Erolcha (D:11)
  2 centaur warriors
  4 two-headed ogres
  Amaemon (D:11)
  Urug (D:12)
  Nergalle (D:10)
  A manticore (D:11)
  Pikel (D:7)
  2 ugly things
  2 black mambas
  Maurice (D:9)
  4 elephants (Lair:1)
  An orange demon (D:11)
  An unseen horror (D:12)
  Jeremiah (D:9)
  Psyche (D:8)
  5 komodo dragons (Lair:1)
  A troll (D:9)
  2 polar bears (Lair:1)
  Grinder (D:6)
  2 dream sheep (D:12)
  4 wyverns
  16 yaks
  2 basilisks (Lair:1)
  2 steam dragons
  7 vampire mosquitoes
  A warg (D:11)
  An acid dragon (D:9)
  13 water moccasins
  Duvessa (D:7)
  2 sky beasts
  4 black bears
  2 ice beasts (D:7)
  2 orc warriors (D:9)
  4 wolves
  3 centaurs
  An ogre (D:6)
  A phantom (D:6)
  2 lemures (D:7)
  6 kobold brigands
  10 bullfrogs
  2 scorpions
  4 wights
  Dowan (D:7)
  3 killer bees (D:8)
  7 howler monkeys
  An electric eel (D:8)
  A jelly (D:6)
  2 lava snakes (D:8)
  A hound (D:6)
  A gnoll bouda (D:6)
  6 orc priests
  5 iguanas
  Ijyb (D:3)
  9 orc wizards
  Natasha (D:3)
  4 gnolls (D:6)
  6 adders
  A shadow imp (D:5)
  A white imp (D:6)
  6 ufetubi
  4 worms
  3 dart slugs
  54 orcs
  5 bats
  5 endoplasms
  3 giant cockroaches
  6 hobgoblins
  3 jackals (D:2)
  24 kobolds
  3 quokkas
  4 ball pythons
  A frilled lizard (D:1)
  3 goblins
  3 rats
308 creatures vanquished.

Notes
Turn   | Place    | Note
-------+----------+-------------------------------------------
     0 | D:1      | FakeRyeBread the Gargoyle Fighter began the quest for the
                  | Orb.
     0 | D:1      | Reached XP level 1. HP: 14/14 MP: 1/1
   176 | D:1      | Reached XP level 2. HP: 19/19 MP: 2/2
   610 | D:1      | Found a faded altar of an unknown god.
   832 | D:2      | Identified the "Meozopuy"
   906 | D:2      | Reached XP level 3. HP: 22/23 MP: 3/3
  1049 | D:2      | Reached skill level 3 in Maces & Flails
  1049 | D:2      | Reached XP level 4. HP: 25/29 MP: 4/4
  1708 | D:3      | Reached XP level 5. HP: 33/33 MP: 5/5
  1770 | D:3      | Noticed Ijyb
  1786 | D:3      | Paralysed by Ijyb for 4 turns
  1797 | D:3      | Paralysed by Ijyb for 2 turns
  1805 | D:3      | Paralysed by Ijyb for 2 turns
  1816 | D:3      | Killed Ijyb
  2159 | D:4      | Noticed Natasha
  2288 | D:3      | Reached skill level 4 in Maces & Flails
  2296 | D:3      | Killed Natasha
  2297 | D:3      | Reached XP level 6. HP: 28/39 MP: 6/6
  2748 | D:4      | Found a staircase to the Ecumenical Temple.
  2757 | Temple   | Entered the Ecumenical Temple
  3153 | D:4      | Found a transporter.
  3169 | D:4      | Found a transporter.
  3256 | D:4      | Found a bloodstained altar of Trog.
  3262 | D:4      | Found a sparkling altar of Nemelex Xobeh.
  3591 | D:5      | Entered Level 5 of the Dungeon
  3591 | D:5      | Noticed a sky beast
  3591 | D:5      | Noticed a water moccasin
  3798 | D:5      | Killed a sky beast
  3799 | D:5      | Reached skill level 5 in Maces & Flails
  3799 | D:5      | Reached XP level 7. HP: 18/44 MP: 7/7
  3910 | D:5      | Identified the +5 rapier of the Horn {heavy, Dex+3}
  3943 | D:5      | Reached skill level 5 in Fighting
  3943 | D:5      | Reached skill level 5 in Armour
  3943 | D:5      | Reached skill level 5 in Shields
  4618 | D:5      | Reached XP level 8. HP: 49/49 MP: 8/8
  4665 | D:5      | Reached skill level 6 in Maces & Flails
  4743 | D:6      | Identified the "Cebreq"
  4752 | D:6      | Noticed Grinder
  4754 | D:6      | Paralysed by Grinder for 5 turns
  4763 | D:6      | Paralysed by Grinder for 4 turns
  4773 | D:6      | Killed Grinder
  5188 | D:6      | Reached skill level 7 in Maces & Flails
  5218 | D:6      | Reached XP level 9. HP: 52/55 MP: 9/9
  6193 | D:7      | Noticed Dowan
  6207 | D:7      | Killed Dowan
  6210 | D:7      | Noticed Duvessa
  6225 | D:7      | Killed Duvessa
  6382 | D:7      | Reached skill level 8 in Maces & Flails
  6448 | D:7      | Noticed Pikel
  6461 | D:7      | Killed Pikel
  7512 | D:8      | Reached skill level 9 in Maces & Flails
  7512 | D:8      | Reached XP level 10. HP: 44/63 MP: 10/10
  7669 | D:8      | Noticed Psyche
  7688 | D:8      | Killed Psyche
  7826 | D:8      | Found an iron altar of Okawaru.
  7835 | D:8      | Became a worshipper of Warmaster Okawaru
  8751 | D:9      | Noticed a two-headed ogre
  8767 | D:9      | Killed a two-headed ogre
  8768 | D:9      | Reached skill level 1 in Invocations
  8911 | D:9      | Noticed Jeremiah
  9004 | D:9      | Noticed Maurice
  9007 | D:9      | Paralysed by Maurice for 5 turns
  9008 | D:9      | Maurice stole a ring of fire
  9013 | D:9      | Maurice stole 2 boomerangs
  9017 | D:9      | Maurice stole 246 gold
  9020 | D:9      | Paralysed by Maurice for 5 turns
  9028 | D:9      | Something stole 232 gold
  9050 | D:9      | Paralysed by something for 5 turns
  9072 | D:9      | Killed Maurice
  9072 | D:9      | Reached * piety under Okawaru
  9212 | D:9      | Noticed Gastronok
  9299 | D:9      | Killed Gastronok
  9299 | D:9      | Reached ** piety under Okawaru
  9300 | D:9      | Reached skill level 10 in Maces & Flails
  9851 | D:9      | Reached XP level 11. HP: 60/69 MP: 13/13
  9997 | D:9      | Killed Jeremiah
 10122 | D:10     | Entered Level 10 of the Dungeon
 10508 | D:10     | Noticed a brown ugly thing
 10551 | D:10     | Killed a brown ugly thing
 10739 | D:10     | Identified the +4 lajatang of Fedhas's Pride {venom, Fly
                  | rN+ Int+3}
 10780 | D:10     | Noticed a two-headed ogre
 10789 | D:10     | Killed a two-headed ogre
 10789 | D:10     | Reached *** piety under Okawaru
 11570 | D:10     | Reached skill level 11 in Maces & Flails
 11705 | D:11     | Found a staircase to the Lair.
 11730 | D:11     | Noticed a two-headed ogre
 11740 | D:11     | Killed a two-headed ogre
 12165 | D:11     | Noticed Erolcha
 12200 | D:11     | Killed Erolcha
 12200 | D:11     | Reached **** piety under Okawaru
 12379 | D:11     | Noticed a manticore
 12411 | D:11     | Killed a manticore
 12482 | D:11     | Noticed a two-headed ogre
 12497 | D:11     | Killed a two-headed ogre
 12608 | D:11     | Noticed Amaemon
 12615 | D:11     | Noticed Nergalle
 12663 | D:11     | Paralysed by Amaemon for 2 turns
 12674 | D:10     | Killed Nergalle
 12675 | D:10     | Reached skill level 5 in Invocations
 12745 | D:11     | Paralysed by Amaemon for 2 turns
 12753 | D:11     | Paralysed by Amaemon for 4 turns
 12763 | D:11     | Paralysed by Amaemon for 3 turns
 12777 | D:11     | Killed Amaemon
 12862 | D:11     | You fall into a shaft and drop 3 floors!
 12886 | D:13     | Noticed a centaur warrior
 12897 | D:13     | Killed a centaur warrior
 12898 | D:13     | Reached skill level 1 in Throwing
 12898 | D:13     | Reached XP level 12. HP: 73/77 MP: 15/15
 12926 | D:12     | Reached skill level 12 in Maces & Flails
 13080 | D:11     | Reached ***** piety under Okawaru
 13083 | D:11     | Found a staircase to the Orcish Mines.
 13145 | D:11     | Found a bloodstained altar of Trog.
 13380 | D:12     | Noticed a centaur warrior
 13393 | D:12     | Killed a centaur warrior
 13413 | D:12     | Reached skill level 10 in Fighting
 13611 | D:12     | Reached skill level 10 in Armour
 13977 | D:12     | Noticed a three-headed hydra
 13996 | D:12     | Killed a three-headed hydra
 13996 | D:12     | Received a gift from Okawaru
 13997 | D:12     | Reached skill level 10 in Shields
 14146 | D:12     | Noticed Urug
 14181 | D:12     | Killed Urug
 14652 | D:12     | Noticed Snorg
 14702 | D:12     | Killed Snorg
 15398 | Lair:1   | Entered Level 1 of the Lair of Beasts
 15833 | Lair:1   | Reached skill level 13 in Maces & Flails
 16162 | Lair:1   | Reached XP level 13. HP: 83/83 MP: 16/16
 17131 | Lair:2   | Received a gift from Okawaru
 17141 | Lair:2   | HP: 4/84 [cane toad (13)]
 17147 | Lair:2   | Mangled by a cane toad

Illustrated notes

Levels and vault maps discovered:
D:1:      sevenhm_arrival_forest_fort_large_2, layout_rooms,
          ebering_ecumenical_altar_ruins
D:2:      cheibrodos_pilgrimage, layout_basic
D:3:      layout_rooms, st_stairs_14, uniq_ijyb
D:4:      gammafunk_steamed_eel, layout_basic, jmf_multi_god_temple,
          minmay_temple_entry_tees, chequers_serial_rivers_room_a,
          nicolae_concentric_dashed_squares_mild, uniq_natasha
D:5:      layout_basic
D:6:      layout_basic, minmay_a_box_with_orc_wizards_in_it, uniq_grinder
D:7:      layout_gridville, serial_bayou_crossing, uniq_duvessa, uniq_pikel
D:8:      wad_pebble_path, layout_rooms, lemuel_round_altar,
          nicolae_lava_and_water, uniq_psyche
D:9:      layout_roguey [special_room_orc], chequers_serial_rivers_micro_d,
          uniq_jeremiah, uniq_maurice, uniq_gastronok
D:10:     layout_layer_cave
D:11:     layout_cave_pools, minmay_lair_entry_grove, david_orc_3, bloody_trog,
          uniq_nergalle, uniq_amaemon, uniq_erolcha
D:12:     layout_grid_maze, hangedman_ranch, uniq_urug, uniq_snorg
D:13:     layout_irregular_city, lightli_vaults_fourway_checkpoint
D:14:     layout_basic, serial_bayou_lagoon_a, minmay_misc_feat_alley,
          minmay_st_funbox, minmay_misc_feat_columns
Temple:   nicolae_temple_bog_church
Lair:1:   layout_regular_city, beast_lair_carwin_1
Lair:2:   layout_regular_city, mainiacjoe_swamp_entry_lozenge_pond,
          minmay_holes, dreamdust_mushroom_princess, grunt_megastairs_5

Skill      XL: |  1  2  3  4  5  6  7  8  9 10 11 12 13 |
---------------+----------------------------------------+-----
Maces & Flails | 3 4 5 7 9 10 11 13 | 13.6
Armour         | 4 5 6 7 8 9 10 | 10.9
Shields        | 4 5 6 7 8 9 10 | 10.8
Fighting       | 4 5 6 7 8 9 10 11 | 11.0
Invocations    | 3 5 |  5.0
Throwing       | 1 3 4 |  4.4

Action                     |  1- 3 |  4- 6 |  7- 9 | 10-12 | 13-15 || total
---------------------------+-------+-------+-------+-------+-------++-------
  Melee: Flail             |    90 |   234 |   268 |       |       ||   592
         Morningstar       |       |       |   148 |   474 |       ||   622
         Unarmed           |       |       |       |     5 |       ||     5
         Demon whip        |       |       |       |   392 |   175 ||   567
  Throw: Boomerang         |       |       |       |     4 |       ||     4
 Invoke: Heroism           |       |       |       |     4 |       ||     4
    Use: Scroll            |       |     8 |     3 |     8 |     1 ||    20
         Potion            |       |     1 |     3 |     6 |     1 ||    11
 Armour: Scale mail        |    69 |   191 |    83 |       |       ||   343
         Plate armour      |       |       |   319 |   826 |   110 ||  1255
  Dodge: Dodged            |    40 |    85 |   165 |   239 |    32 ||   561
  Block: Buckler           |    24 |    52 |   101 |   212 |    26 ||   415

Table legend: (Time is in decaauts)
 A = Elapsed time spent in this place.
 B = Non-inter-level travel time spent in this place.
 C = Inter-level travel time spent in this place.
 D = Time resting spent in this place.
 E = Time spent auto-exploring this place.
 F = Levels seen in this place.
 G = Mean time per level.
                   A        B        C        D        E       F      G
               +--------+--------+--------+--------+--------+-----+--------+
         Total |  17059 |  15001 |   2058 |   3652 |   7681 |  17 | 1003.5 |
       Dungeon |  15343 |  13533 |   1810 |   3311 |   6937 |  14 | 1095.9 |
        Temple |    131 |      4 |    127 |      0 |      0 |   1 |  131.0 |
          Lair |   1585 |   1465 |    120 |    341 |    744 |   2 |  792.5 |
               +--------+--------+--------+--------+--------+-----+--------+

Top non-repeatable levels by time:
    D:10: 1925 daAuts
    D:12: 1864 daAuts
     D:9: 1686 daAuts
     D:6: 1442 daAuts
  Lair:1: 1402 daAuts
    D:11: 1327 daAuts
     D:8: 1175 daAuts
     D:7: 1165 daAuts
     D:5: 1104 daAuts
     D:3: 1099 daAuts
     D:4: 868 daAuts
     D:1: 845 daAuts
     D:2: 792 daAuts
  Lair:2: 183 daAuts
  Temple: 131 daAuts
